 Dungeon Crawl Stone Soup version 0.28.0 (webtiles) character file.

Game seed: 18154299900791922278

102 crazypyro the Digger (level 4, -5/24 HPs)
             Began as a Gargoyle Earth Elementalist on Feb 8, 2022.
             Slain by an ogre (23 damage)
             ... on level 4 of the Dungeon.
             The game lasted 00:06:02 (4024 turns).

crazypyro the Digger (Gargoyle Earth Elementalist)  Turns: 4024, Time: 00:06:03

Health: -5/24      AC:  5    Str: 12    XL:     4   Next: 77%
Magic:  1/8        EV: 11    Int: 17    God:
Gold:   96         SH:  0    Dex: 10    Spells: 5/9 levels left

rFire   . . .      SeeInvis .   i - +0 club
rCold   . . .      Faith    .   (no shield)
rNeg    + . .      Spirit   .   b - +0 robe
rPois   ∞          Reflect  .   (no helmet)
rElec   +          Harm     .   n - scarf {+Inv}
rCorr   .          Rampage  .   (no gloves)
Will    .....                   (no boots)
Stlth   ++........              (no amulet)
HPRegen 0.08/turn               (no ring)
MPRegen 0.11/turn               (no ring)

@: no status effects
A: sickness immunity, AC +3, negative energy resistance 1, electricity
resistance, torment resistance 1, petrification resistance
a: Evoke Invisibility


You were on level 4 of the Dungeon.
You visited 1 branch of the dungeon, and saw 5 of its levels.

You collected 96 gold pieces.

Inventory:

Hand Weapons
 g - a +0 dagger
 i - a +0 club (weapon)
Missiles
 q - 23 stones
Armour
 b - a +0 robe (worn)
 n - a scarf of invisibility (worn)
Jewellery
 e - an amulet of faith
 p - a ring of willpower
Scrolls
 c - 2 scrolls of teleportation {unknown}
 j - a scroll of fear {unknown}
 k - 2 scrolls of amnesia {unknown}
 m - a scroll of vulnerability {unknown}
 o - a scroll of identify {unknown}
 r - 2 scrolls of fog {unknown}
 s - a scroll of silence {unknown}
Potions
 a - 3 potions of heal wounds {unknown}
 d - 2 potions of degeneration {unknown}
 f - a potion of brilliance {unknown}
 h - 3 potions of lignification {unknown}
 l - a potion of curing {unknown}


   Skills:
 + Level 0.1 Maces & Flails
 - Level 1.5 Dodging
 - Level 2.2 Stealth
 + Level 3.0 Spellcasting
 + Level 2.3 Conjurations
 - Level 1.0 Transmutations
 * Level 4.6 Earth Magic


You had 5 spell levels left.
You knew the following spells:

 Your Spells              Type           Power      Damage    Failure   Level
a - Sandblast             Erth           36%        2d10      2%          1
b - Stone Arrow           Conj/Erth      28%        3d8       12%         3

Your spell library contained the following spells:

 Spells                   Type           Power      Damage    Failure   Level
 Passwall                 Tmut/Erth      10%        N/A       9%          2
 Summon Small Mammal      Summ           8%         N/A       17%         1
 Call Canine Familiar     Summ           2%         N/A       45%         3
 Summon Guardian Golem    Hex/Summ       2%         N/A       45%         3
 Petrify                  Tmut/Erth      12%        N/A       47%         4


Dungeon Overview and Level Annotations

Branches:
Dungeon (5/15)
 Temple: D:4-7

Altars:
Zin

Annotations:
D:4 Dowan


Innate Abilities, Weirdness & Mutations

You are immune to sickness and miasma.
Your stone body is resilient. (AC +3)
You are immune to poison.
You resist negative energy. (rN+)
You are resistant to electric shocks. (rElec)
You are resistant to unholy torment.
You are immune to petrification.


Message History

The ogre moves out of view.
Casting: Sandblast (safe; 2% risk of failure)
Confirm with . or Enter, or press ? or * to list all spells.
The spell is quite dangerous to miscast (12% risk of failure)!
Continue anyway?
Aiming: Stone Arrow (quite dangerous; 12% risk of failure)
Press: ? - help, Shift-Dir - straight line, f - ogre
Aim: an ogre, wielding a +0 giant club (85% to hit)
The stone arrow hits the ogre!
The ogre is heavily wounded.
A goblin comes into view. It is wielding a +0 dagger.
Casting: Stone Arrow (quite dangerous; 12% risk of failure)
Confirm with . or Enter, or press ? or * to list all spells.
The spell is quite dangerous to miscast (12% risk of failure)!
Continue anyway?
Aiming: Stone Arrow (quite dangerous; 12% risk of failure)
Press: ? - help, Shift-Dir - straight line, f/p - ogre
Aim: an ogre, wielding a +0 giant club (heavily wounded, 85% to hit)
The stone arrow misses the ogre.
Unknown command.
The blast of sand hits the ogre.
The ogre is heavily wounded.
Casting: Sandblast (safe; 2% risk of failure)
Confirm with . or Enter, or press ? or * to list all spells.
The spell is quite dangerous to miscast (12% risk of failure)!
Continue anyway?
Aiming: Stone Arrow (quite dangerous; 12% risk of failure)
Press: ? - help, Shift-Dir - straight line, f/p - ogre
Aim: an ogre, wielding a +0 giant club (heavily wounded, 85% to hit)
You miscast Stone Arrow.
You are very lightly contaminated with residual magic.
Nothing appears to happen.
The ogre hits you with a +0 giant club!
The ogre shouts!
Your magical contamination has completely faded away.
The ogre hits you with a +0 giant club!!
Ouch! That really hurt!
You die...

.... . O(.. ###########
..g.. ..........### .#..
#######.#...### ..# #
#.#.....###.# #
#.#.#.g..##.#### #
#.#.#.##.O.....## #
#.#.#.)..O@.....#
#######.#g#.#..<......###.
........#.########........#
#########.....g.....)......
# ################### # # #
#


You could see 2 ogres and a goblin.

Vanquished Creatures
  An orc wizard (D:3)
  An adder (D:2)
  2 dart slugs
  7 orcs
  3 endoplasms
  3 giant cockroaches
  7 hobgoblins
  3 jackals (D:2)
  2 ball pythons
  5 bats
  5 frilled lizards
  6 goblins
  2 kobolds
  8 rats
55 creatures vanquished.

Notes
Turn   | Place    | Note
-------+----------+-------------------------------------------
     0 | D:1      | crazypyro the Gargoyle Earth Elementalist began the quest
                  | for the Orb.
     0 | D:1      | Reached XP level 1. HP: 10/10 MP: 3/3
   155 | D:1      | Reached skill level 1 in Transmutations
   200 | D:1      | Reached XP level 2. HP: 15/15 MP: 0/5
   537 | D:1      | Reached skill level 4 in Earth Magic
  1311 | D:2      | Reached XP level 3. HP: 19/19 MP: 6/6
  1315 | D:2      | Learned a level 3 spell: Stone Arrow
  1575 | D:2      | Reached skill level 1 in Conjurations
  2811 | D:4      | Noticed Dowan
  2816 | D:4      | Noticed a scorpion
  2855 | D:5      | Entered Level 5 of the Dungeon
  2876 | D:5      | Noticed a necrophage
  2950 | D:3      | Reached XP level 4. HP: 24/24 MP: 4/8
  3007 | D:3      | Found a glowing silver altar of Zin.
  3500 | D:3      | Found a faded altar of an unknown god.
  3995 | D:4      | Noticed an ogre
  3995 | D:4      | Noticed an ogre
  4024 | D:4      | Slain by an ogre

Illustrated notes

Levels and vault maps discovered:
D:1:      elethiomel_arrival_shortcut, layout_loops_ring, serial_forest,
          infiniplex_forest_straight_3, infiniplex_forest_straight_2,
          infiniplex_forest_clump_double, infiniplex_forest_zigzag_1,
          infiniplex_forest_lined_1, infiniplex_forest_join
D:2:      layout_basic, minmay_misc_feat_square
D:3:      layout_loops_ring, mainiacjoe_overflow_small_starburst,
          basic_ecumenical_altar, dk_noncrumbling_3
D:4:      minmay_skewed_foursquare, layout_basic, minmay_misc_feat_encased,
          uniq_natasha, uniq_ijyb, uniq_duvessa
D:5:      wad_crossroads, layout_basic, minmay_temple_entry_glassed_door,
          minmay_fountain_box

Skill      XL: |  1  2  3  4 |
---------------+-------------+-----
Transmutations | 1 |  1.0
Earth Magic    | 4 |  4.6
Conjurations   | 1 2 |  2.3
Spellcasting   | 3 |  3.0
Maces & Flails | |  0.1
Dodging        | |  1.5
Stealth        | |  2.2

Action                   |  1- 3 |  4- 6 || total
-------------------------+-------+-------++-------
Melee: Club              |    63 |    14 ||    77
       Dagger            |    12 |       ||    12
 Cast: Sandblast         |    30 |    13 ||    43
       Stone Arrow       |     4 |     6 ||    10
 Stab: Sleeping          |     6 |       ||     6
Armor: Robe              |    28 |     8 ||    36
Dodge: Dodged            |    51 |    15 ||    66
